 Dungeon Crawl Stone Soup version 0.29-a0-1023-g6ae1a4a2c7 (webtiles) character file.

Game seed: 6176428154195383314

68 Newt the Chopper (level 4, -4/37 HPs)
             Began as a Palentonga Monk on Aug 11, 2022.
             Slain by Terence
             ... wielding a +2 hand axe of flaming
              (9 damage)
             ... on level 3 of the Dungeon.
             The game lasted 00:02:41 (1700 turns).

Newt the Chopper (Palentonga Monk)                  Turns: 1700, Time: 00:02:41

Health: -4/37      AC:  5    Str: 24    XL:     4   Next: 1%
Magic:  4/4        EV: 10    Int: 17    God:
Gold:   160        SH:  0    Dex: 12    Spells: 3/3 levels left

rFire   . . .      SeeInvis +   a - +0 hand axe (vamp)
rCold   . . .      Faith    .   (no shield)
rNeg    . . .      Spirit   .   b - +0 robe
rPois   .          Reflect  .   (no helmet)
rElec   .          Harm     .   (no cloak)
rCorr   .          Rampage  .   j - +0 pair of gloves
Will    .....                   (no barding)
Stlth   +.........              (no amulet)
HPRegen 0.12/turn               k - +6 ring of intelligence
MPRegen 0.09/turn               l - +6 ring of strength

@: confused, ambrosia-drunk
A: large, rugged brown scales 3, see invisible, deformed body, roll 1, armoured
tail
a: Rolling Charge


You were on level 3 of the Dungeon.
You visited 1 branch of the dungeon, and saw 3 of its levels.

You collected 160 gold pieces.

Inventory:

Hand Weapons
 a - a +0 vampiric hand axe (weapon)
 e - a +0 whip of electrocution
 f - a +0 vorpal hand axe
Armour
 b - a +0 robe (worn)
 j - a +0 pair of gloves (worn)
Jewellery
 d - a ring of flight
 k - a +6 ring of intelligence (left hand)
 l - a +6 ring of strength (right hand)
Wands
 n - a wand of charming (6)
Scrolls
 h - 2 scrolls of amnesia
 o - a scroll of fog {unknown}
Potions
 g - 2 potions of curing
 i - 2 potions of invisibility {unknown}
 m - a potion of brilliance {unknown}
 p - a potion of might {unknown}
 q - a potion of cancellation {unknown}
 s - a potion of lignification {unknown}


   Skills:
 - Level 3.0 Fighting
 + Level 4.8 Axes
 - Level 2.4 Dodging
 - Level 1.3 Stealth


You had 3 spell levels left.
You didn't know any spells.
Your spell library contained the following spells:

 Spells                   Type           Power      Damage    Failure   Level
 Sandblast                Erth           0%         2d4       24%         1
 Passwall                 Tmut/Erth      0%         N/A       34%         2
 Ozocubu's Armour         Ice            0%         N/A       56%         3
 Stone Arrow              Conj/Erth      0%         3d7       56%         3
 Metabolic Englaciation   Hex/Ice        0%         N/A       100%        5
 Simulacrum               Ice/Necr       0%         N/A       100%        6


Dungeon Overview and Level Annotations

Branches:
Dungeon (3/15)

Altars:
Hepliaklqana
Sif Muna

Annotations:
D:3 Terence


Innate Abilities, Weirdness & Mutations

You are completely covered in rugged brown scales. (AC +3, +7% HP)
You have supernaturally acute eyesight. (SInv)
Armour fits poorly on your strangely shaped body.
You can roll at nearby foes to attack.
You have a long armoured tail.


Message History

You hit Terence but do no damage.
Terence is severely wounded.
Terence closely misses you.
Unknown command.
You feel better.
Terence hits you with a +2 hand axe of flaming.
* * * LOW HITPOINT WARNING * * *
Terence burns you.
* * * LOW HITPOINT WARNING * * *
You are confused.
You feel invigorated. Terence completely misses you.
You hit Terence.
You feel better.
You tail-slap Terence.
Terence is severely wounded.
Terence hits you with a +2 hand axe of flaming.
Terence burns you.
You're too confused to move!
Terence hits you with a +2 hand axe of flaming.
Terence burns you.
You closely miss Terence.
Terence is severely wounded.
Terence hits you with a +2 hand axe of flaming!
* * * LOW HITPOINT WARNING * * *
Terence burns you.
* * * LOW HITPOINT WARNING * * *
Unknown command.
You bump into the rock wall.
Terence barely misses you.
Terence hits you with a +2 hand axe of flaming!
* * * LOW HITPOINT WARNING * * *
Terence burns you.
* * * LOW HITPOINT WARNING * * *
Unknown command.
You're too confused to move!
Terence hits you with a +2 hand axe of flaming.
* * * LOW HITPOINT WARNING * * *
Terence burns you.
* * * LOW HITPOINT WARNING * * *
Unknown command.
Terence attacks as you move away!
Terence hits you with a +2 hand axe of flaming!
You die...

'.._..+..+.#
#......#
#.....#..###
#.....># #+###+#..#
####)#.####
#.....#..###....#.#
'##+ +##'...####.#
...#.....#..## #.#
...#.....#.######.#
'##+##+###.#...@..#
.# ..#....@.# .##
##.......## ..#
#.#.....# ..#
#..#...... ....#
...##.....# .....
#.##### ...... #.
.P #.#..# .. ##
#.#..


You could see Terence.

Vanquished Creatures
  An adder (D:3)
  A worm (D:2)
  A dart slug (D:1)
  2 ball pythons
  4 endoplasms
  A giant cockroach (D:1)
  8 goblins
  7 hobgoblins
  4 jackals (D:3)
  A quokka (D:2)
  7 bats
  3 frilled lizards
  5 kobolds
  4 rats
49 creatures vanquished.

Vanquished Creatures (others)
  4 plants (D:3)
4 creatures vanquished.

Grand Total: 53 creatures vanquished

Notes
Turn   | Place    | Note
-------+----------+-------------------------------------------
     0 | D:1      | Newt the Palentonga Monk began the quest for the Orb.
     0 | D:1      | Reached XP level 1. HP: 19/19 MP: 1/1
   201 | D:1      | Reached XP level 2. HP: 23/25 MP: 2/2
   503 | D:1      | Reached skill level 4 in Axes
   612 | D:1      | Found a faded altar of an unknown god.
   690 | D:1      | Reached XP level 3. HP: 31/31 MP: 3/3
  1437 | D:2      | You fall into a shaft and drop 1 floor!
  1541 | D:3      | Found a hazy altar of Hepliaklqana.
  1571 | D:3      | Found a shimmering blue altar of Sif Muna.
  1668 | D:3      | Reached XP level 4. HP: 37/37 MP: 4/4
  1677 | D:3      | Noticed Terence
  1700 | D:3      | Slain by Terence

Illustrated notes

Levels and vault maps discovered:
D:1:      dpeg_arrival_tiny_h, layout_basic,
          shapermc_ecumenical_altar_totnotflames
D:2:      layout_loops_ring, grunt_ministairs_2
D:3:      layout_rooms, mainiacjoe_overflow_24_doors, zin_statuary,
          nicolae_hepliaklqana_hazy_memory, serial_aquarium,
          aquarium_bridge_island_small [aquarium_subvault_small_water,
          aquarium_subvault_bridge, aquarium_subvault_wall,
          aquarium_subvault_balcony, aquarium_subvault_window],
          aquarium_window_fake, aquarium_window_3, aquarium_window_1,
          aquarium_window_1, aquarium_view_2f, aquarium_view_2a,
          aquarium_pool_double, feat_on_display, uniq_robin, uniq_terence

Skill      XL: |  1  2 |
---------------+-------+-----
Axes           | 4 |  4.8
Fighting       | |  3.0
Dodging        | |  2.4
Stealth        | |  1.3

Action                   |  1- 3 |  4- 6 || total
-------------------------+-------+-------++-------
Melee: Hand axe          |   112 |    15 ||   127
       Tailslap          |    13 |     3 ||    16
 Abil: Rolling Charge    |     2 |     1 ||     3
  Use: Scroll            |     5 |       ||     5
       Potion            |       |     2 ||     2
 Stab: Sleeping          |     3 |       ||     3
Armor: Robe              |    42 |     3 ||    45
Dodge: Dodged            |    49 |     9 ||    58

Table legend: (Time is in decaauts)
 A = Elapsed time spent in this place.
 B = Non-inter-level travel time spent in this place.
 C = Inter-level travel time spent in this place.
 D = Time resting spent in this place.
 E = Time spent auto-exploring this place.
 F = Levels seen in this place.
 G = Mean time per level.
                   A        B        C        D        E       F      G
               +--------+--------+--------+--------+--------+-----+--------+
         Total |   1710 |   1674 |     36 |      0 |   1340 |   3 |  570.0 |
       Dungeon |   1710 |   1674 |     36 |      0 |   1340 |   3 |  570.0 |
               +--------+--------+--------+--------+--------+-----+--------+

Top non-repeatable levels by time:
     D:1: 868 daAuts
     D:2: 577 daAuts
     D:3: 265 daAuts
